 Dungeon Crawl Stone Soup version 0.29.1-12-g30fa7ad0bf (webtiles) character file.

Game seed: 17363907429024914089

683 FaviusArthum the Reanimator (level 7, 0/37 HPs)
             Began as a Deep Elf Necromancer on Jan 7, 2023.
             Slain by an adder (4 damage)
             ... on level 5 of the Dungeon.
             The game lasted 00:24:18 (5126 turns).

FaviusArthum the Reanimator (Deep Elf Necromancer)  Turns: 5126, Time: 00:24:18

Health: 0/37       AC:  4    Str:  5    XL:     7   Next: 35%
Magic:  5/19       EV: 13    Int: 22    God:
Gold:   229        SH:  0    Dex: 15    Spells: 16/20 levels left

rFire   + . .      SeeInvis .   c - +0 whip
rCold   . . .      Faith    .   (no shield)
rNeg    . . .      Spirit   .   (no body armour)
rPois   .          Reflect  .   m - +0 helmet
rElec   .          Harm     .   (no cloak)
rCorr   .          Rampage  .   t - +2 pair of gloves
Will    .....                   (no boots)
Stlth   +++.......              (no amulet)
HPRegen 0.12/turn               d - ring of protection from fire
MPRegen 0.16/turn               q - ring of wizardry

@: about to teleport
A: no striking features
a: no special abilities


You were on level 5 of the Dungeon.
You visited 1 branch of the dungeon, and saw 5 of its levels.

You collected 253 gold pieces.
You spent 24 gold pieces at shops.

Inventory:

Hand Weapons
 c - a +0 whip (weapon)
 k - a +2 dagger of venom
 F - a +0 giant spiked club
Armour
 a - a +0 robe
 i - a +0 ring mail
 m - a +0 helmet (worn)
 r - a +0 helmet
 t - a +2 pair of gloves (worn)
 y - a +2 robe of fire resistance
Jewellery
 d - a ring of protection from fire (left hand)
 h - a ring of fire
 q - a ring of wizardry (right hand)
Wands
 B - a wand of polymorph (1)
 C - a wand of flame (41)
Scrolls
 e - a scroll of immolation
 j - a scroll of noise
 o - a scroll of blinking
 s - a scroll of magic mapping
 v - 2 scrolls of poison
 w - a scroll of brand weapon
 x - a scroll of butterflies {unknown}
Potions
 b - a potion of magic
 f - 3 potions of might
 g - a potion of haste {unknown}
 l - 2 potions of ambrosia {unknown}
 n - a potion of flight {unknown}
 p - 2 potions of brilliance {unknown}
 z - 2 potions of lignification {unknown}
 A - 2 potions of degeneration {unknown}
 D - a potion of attraction {unknown}
 E - a potion of curing {unknown}


   Skills:
 + Level 0.6 Fighting
 + Level 2.7 Dodging
 + Level 4.5 Stealth
 + Level 7.1 Spellcasting
 + Level 8.1 Necromancy


You had 16 spell levels left.
You knew the following spells:

 Your Spells              Type           Power      Damage    Failure   Level
a - Necrotise             Necr           100%       1d9       1%          1
b - Vampiric Draining     Necr           43%        2d9       1%          3

Your spell library contained the following spells:

 Spells                   Type           Power      Damage    Failure   Level
 Animate Dead             Necr           43%        N/A       1%          4
 Agony                    Necr           43%        N/A       3%          5


Dungeon Overview and Level Annotations

Branches:
Dungeon (5/15)
 Temple: D:4-7

Altars:
Ashenzari
Cheibriados

Shops:
D:2 *

Annotations:
D:5 Eustachio


Message History

Aiming: Vampiric Draining (safe; 1% risk of failure)
Press: ? - help, Shift-Dir - straight line, f/p - ogre
Aim: an ogre, wielding a +0 giant club (moderately wounded)
You draw life force from the ogre!
The gnoll hits you from afar with a +0 spear.
The adder barely misses you. The ogre hits you with a +0 giant club!
The adder bites you.
You hear a zap.
Some rock shatters into small pieces.
Casting: Vampiric Draining (safe; 1% risk of failure)
Confirm with . or Enter, or press ? or * to list all spells.
Aiming: Necrotise (safe; 1% risk of failure)
Press: ? - help, Shift-Dir - straight line, f/p - ogre
Aim: an ogre, wielding a +0 giant club (severely wounded, ally target, chance to affect: 83%)
Okay, then.
Blink to where?
Press: ? - help, Dir - move target, p - ogre
Okay, then.
The ogre attacks as you move away! The ogre hits you with a +0 giant club!
* * * LOW HITPOINT WARNING * * *
As you read the scroll of teleportation, it crumbles to dust.
You feel strangely unstable.
Your gnoll skeleton crumbles into dust!
The adder barely misses you.
The phantom hits you but does no damage.
The gnoll barely misses you.
Casting: Necrotise (safe; 1% risk of failure)
Confirm with . or Enter, or press ? or * to list all spells.
Aiming: Vampiric Draining (safe; 1% risk of failure)
Press: ? - help, Shift-Dir - straight line, f/p - ogre
Aim: an ogre, wielding a +0 giant club (severely wounded)
You draw life force from the ogre!
You feel life coursing into your body. The adder bites you but does no damage.
The ogre hits you with a +0 giant club.
* * * LOW HITPOINT WARNING * * *
The phantom hits you.
* * * LOW HITPOINT WARNING * * *
The gnoll closely misses you. The gnoll barely misses you.
You hear a zap.
Some rock shatters into small pieces.
The adder bites you.
You die...

...###.# #.....#.....).....#
....##.# **#.##......Z.))....#
..#.##.# *...*#..##...)......#
.....#.####.#**#..##........>.#
..#.........# #..###........##
(.#.##....######g.###........#***
..#.###..[...................,**,
###.###....####.OWg..........,**,
........#...##..@Sg...?......,,,,
.......#######...........####**,,
.......# #...........#~~~~*,,
.....<.# #...........#~_,~+,*
....÷†.####**#...........#~⌠>~+,*
............,..........#.#~~~~*,*
.......#######...........#*****,,
.......# ***...........,,,,,,,,,
.......#***,,,,,,,,,,,,,***,,,,,,


You could see an ogre, a phantom, 3 gnolls and an adder.

Vanquished Creatures
  2 ogres (D:5)
  A sky beast (D:5)
  A scorpion (D:4)
  5 hounds
  Jessica (D:3)
  2 iguanas
  4 gnolls
  2 adders
  An ufetubus (D:5)
  2 worms
  4 dart slugs
  3 orcs
  7 endoplasms
  3 giant cockroaches (D:4)
  3 goblins
  3 hobgoblins
  A quokka (D:2)
  5 ball pythons
  2 bats (D:1)
  3 frilled lizards
  10 kobolds
  5 rats
70 creatures vanquished.

Vanquished Creatures (collateral kills)
  A gnoll (D:5)
  A bat (D:1)
2 creatures vanquished.

Vanquished Creatures (others)
  19 fungi (D:5)
  5 plants (D:5)
24 creatures vanquished.

Grand Total: 96 creatures vanquished

Notes
Turn   | Place    | Note
-------+----------+-------------------------------------------
     0 | D:1      | FaviusArthum the Deep Elf Necromancer began the quest for
                  | the Orb.
     0 | D:1      | Reached XP level 1. HP: 10/10 MP: 6/6
   453 | D:1      | Reached skill level 5 in Necromancy
   659 | D:1      | Reached XP level 2. HP: 15/15 MP: 5/8
  1334 | D:2      | Found Niep's General Store.
  1371 | D:2      | Bought a scroll of identify for 24 gold pieces
  1471 | D:2      | Reached XP level 3. HP: 19/19 MP: 8/10
  1475 | D:2      | Learned a level 3 spell: Vampiric Draining
  1839 | D:3      | Reached skill level 6 in Necromancy
  1839 | D:3      | Reached XP level 4. HP: 22/24 MP: 3/11
  2240 | D:3      | Found a faded altar of an unknown god.
  2368 | D:3      | Noticed Jessica
  2379 | D:3      | Killed Jessica
  2806 | D:4      | Reached XP level 5. HP: 27/28 MP: 7/13
  2812 | D:4      | Found a snail-covered altar of Cheibriados.
  2950 | D:4      | Reached skill level 5 in Spellcasting
  3746 | D:5      | Entered Level 5 of the Dungeon
  3746 | D:5      | Noticed a sky beast
  3770 | D:5      | Reached skill level 7 in Necromancy
  3770 | D:5      | Reached XP level 6. HP: 27/32 MP: 9/16
  4531 | D:5      | Reached XP level 7. HP: 36/37 MP: 6/18
  4715 | D:5      | Found a broken altar of Ashenzari.
  5010 | D:5      | Reached skill level 8 in Necromancy
  5112 | D:5      | Noticed Eustachio
  5126 | D:5      | Slain by an adder

Illustrated notes

Levels and vault maps discovered:
D:1:      zaba_arrival_water, layout_loops_ring
D:2:      layout_rooms, serial_shops, shop_fountains, chequers_garden
D:3:      layout_rooms, ebering_ecumenical_altar_rust, minmay_bisected,
          uniq_jessica
D:4:      layout_rooms, slow_altar_1, hangedman_decor_growths, minmay_ruptured
D:5:      layout_rooms, mainiacjoe_overflow_chevrons, general_overflow_altar,
          uniq_eustachio

Skill      XL: |  1  2  3  4  5  6  7 |
---------------+----------------------+-----
Necromancy     | 5 6 7 8 |  8.1
Stealth        | 3 4 |  4.5
Spellcasting   | 4 5 6 7 |  7.1
Fighting       | |  0.6
Dodging        | |  2.7

Action                   |  1- 3 |  4- 6 |  7- 9 || total
-------------------------+-------+-------+-------++-------
Melee: Whip              |     2 |       |       ||     2
       Dagger            |     3 |     5 |    12 ||    20
 Cast: Necrotise         |    46 |    65 |    16 ||   127
       Vampiric Draining |       |    13 |     3 ||    16
Evoke: Wand              |       |       |     5 ||     5
  Use: Scroll            |     4 |     5 |     2 ||    11
Armor: Robe              |     2 |       |       ||     2
       Skin              |       |     3 |     3 ||     6
Dodge: Dodged            |     2 |    30 |    17 ||    49
